IL
OMAHA STORM CHASERS @ CHARLOTTE KNIGHTS
08/22/2047
 
TOP OF THE 1ST
Omaha Storm Chasers batting - Pitching for Charlotte Knights : LHP Carlos Toledo
Pitching: LHP Carlos Toledo
Batting: SHB Ryoji Hiraoka 0-0: Swinging Strike
0-1: Swinging Strike
0-2: Strikes out swinging
Batting: LHB Robby Diaz 0-0: Fly out, F9 (Flyball, 9S, EV 81.2 MPH)
Batting: LHB Jim Pankratz 0-0: Swinging Strike
0-1: Ball
1-1: SINGLE (Groundball, 34D, EV 103.8 MPH)
Batting: RHB Walt Cogswell 0-0: Ball
1-0: Called Strike
1-1: Called Strike
1-2: Foul Ball, location: 2F
1-2: Ball
2-2: Foul Ball, location: 2F
2-2: Strikes out looking
Top of the 1st over - 0 runs, 1 hit, 0 errors, 1 left on base; Omaha 0 - Charlotte 0
BOTTOM OF THE 1ST
Charlotte Knights batting - Pitching for Omaha Storm Chasers : LHP Walter Whiteman
Pitching: LHP Walter Whiteman
Batting: RHB Guillermo Mojica 0-0: Foul Ball, location: 2F
0-1: Ball
1-1: Called Strike
1-2: Foul Ball, location: 2F
1-2: Ball
2-2: SINGLE (Line Drive, 89S, EV 101.2 MPH)
Batting: RHB Jason Moss 0-0: Ball
1-0: DOUBLE (Line Drive, 78D, EV 101.9 MPH)
Guillermo Mojica to third
Batting: LHB Carlos Ramirez 0-0: Ball
1-0: Foul Ball, location: 2F
1-1: Ball
2-1: Foul Ball, location: 2F
2-2: Fly out, F7 (Flyball, 7, EV 95.0 MPH)
Batting: RHB Jeremy Hoffert 0-0: Ground out 6-3 (Groundball, 6, EV 88.8 MPH)
Guillermo Mojica scores
Jason Moss to third
Batting: RHB Nick Kleckner 0-0: DOUBLE (Groundball, 5L, EV 104.4 MPH)
Jason Moss scores
Batting: LHB Angel Tellez 0-0: Called Strike
0-1: Foul Ball, location: 2F
0-2: Ball
1-2: Foul Ball, location: 2F
1-2: Foul Ball, location: 2F
1-2: Ball
2-2: Foul Ball, location: 2F
2-2: Ball
3-2: Foul Ball, location: 2F
3-2: Ground out 6-3 (Groundball, 4MD, EV 111.2 MPH)
Bottom of the 1st over - 2 runs, 3 hits, 0 errors, 1 left on base; Omaha 0 - Charlotte 2
TOP OF THE 2ND
Omaha Storm Chasers batting - Pitching for Charlotte Knights : LHP Carlos Toledo
Batting: RHB Jerry Escamilla 0-0: Foul Ball, location: 2F
0-1: Called Strike
0-2: Strikes out swinging
Batting: RHB Yuichi Takata 0-0: Ball
1-0: Ground out 4-3 (Groundball, 4S, EV 71.9 MPH)
Batting: RHB Colin Boddy 0-0: Ball
1-0: Foul Ball, location: 2F
1-1: Foul Ball, location: 2F
1-2: Ball
2-2: Ground out 6-3 (Groundball, 6M, EV 100.0 MPH)
Top of the 2nd over - 0 runs, 0 hits, 0 errors, 0 left on base; Omaha 0 - Charlotte 2
BOTTOM OF THE 2ND
Charlotte Knights batting - Pitching for Omaha Storm Chasers : LHP Walter Whiteman
Batting: RHB Micah Brown 0-0: Foul Ball, location: 2F
0-1: Ball
1-1: Swinging Strike
1-2: DOUBLE (Line Drive, 7LM, EV 92.5 MPH)
Batting: RHB Kikuo Sato 0-0: Ball
1-0: Ball
2-0: Called Strike
2-1: Ground out 1-3 (Groundball, P, EV 62.5 MPH)
Micah Brown to third
Batting: RHB Steve Waltenbery 0-0: Called Strike
0-1: Ball
1-1: Ball
2-1: Swinging Strike
2-2: SINGLE (Groundball, 56D, EV 102.5 MPH)
Micah Brown scores
Batting: RHB Guillermo Mojica 0-0: Hit by Pitch
Steve Waltenbery to second
Batting: RHB Jason Moss 0-0: Ball
1-0: Ball
2-0: Ball
3-0: Called Strike
3-1: Base on Balls
Steve Waltenbery to third
Guillermo Mojica to second
Batting: LHB Carlos Ramirez 0-0: Ball
1-0: Ball
2-0: Swinging Strike
2-1: Foul Ball, location: 2F
2-2: Ball
3-2: Strikes out swinging
Pitching: RHP Terry Romaine
Batting: RHB Jeremy Hoffert 0-0: Ball
1-0: Swinging Strike
1-1: Swinging Strike
1-2: Ground out 4-3 (Groundball, 4, EV 100.6 MPH)
Bottom of the 2nd over - 1 run, 2 hits, 0 errors, 3 left on base; Omaha 0 - Charlotte 3
TOP OF THE 3RD
Omaha Storm Chasers batting - Pitching for Charlotte Knights : LHP Carlos Toledo
Batting: RHB Aaron Matthews 0-0: Called Strike
0-1: Ball
1-1: Ground out 6-3 (Groundball, 6, EV 110.0 MPH)
Batting: LHB Chris Eaker 0-0: Ball
1-0: Foul Ball, location: 2F
1-1: Fly out, F2 (Popup, 2RF, EV 97.5 MPH)
Batting: SHB Ryoji Hiraoka 0-0: Foul Ball, location: 2F
0-1: Ball
1-1: SINGLE (Groundball, 6MS, EV 68.1 MPH) (infield hit)
Batting: LHB Robby Diaz 0-0: Ball
Ryoji Hiraoka is caught stealing 2nd base 2-6
Top of the 3rd over - 0 runs, 1 hit, 0 errors, 0 left on base; Omaha 0 - Charlotte 3
BOTTOM OF THE 3RD
Charlotte Knights batting - Pitching for Omaha Storm Chasers : RHP Terry Romaine
Batting: RHB Nick Kleckner 0-0: Ball
1-0: Called Strike
1-1: Ball
2-1: Swinging Strike
2-2: Ball
3-2: Base on Balls
Batting: LHB Angel Tellez 0-0: Ball
1-0: Swinging Strike
1-1: Called Strike
1-2: Strikes out swinging
Batting: RHB Micah Brown 0-0: Ball
1-0: Swinging Strike
1-1: SINGLE (Groundball, 34D, EV 96.2 MPH)
Nick Kleckner to second
Runner from 2nd tries for 3rd, SAFE, no throw by RF
Batting: RHB Kikuo Sato 0-0: Hit by Pitch
Micah Brown to second
Batting: RHB Steve Waltenbery 0-0: Ball
1-0: Called Strike
1-1: Ball
2-1: Foul Ball, location: 2F
2-2: Hit by Pitch
Nick Kleckner scores
Micah Brown to third
Kikuo Sato to second
Batting: RHB Guillermo Mojica 0-0: Ball
1-0: Ball
2-0: Called Strike
2-1: Called Strike
2-2: Ball
3-2: Foul Ball, location: 2F
3-2: DOUBLE (Line Drive, 8RXD, EV 101.2 MPH)
Micah Brown scores
Kikuo Sato scores
Steve Waltenbery to third
Pitching: RHP Andy Rodriguez
Batting: RHB Jason Moss 0-0: Swinging Strike
0-1: Called Strike
0-2: Strikes out swinging
Batting: LHB Carlos Ramirez 0-0: Ball
1-0: Ball
2-0: Foul Ball, location: 2F
2-1: Foul Ball, location: 2F
2-2: Ground out 5-3 (Groundball, 56, EV 91.9 MPH)
Bottom of the 3rd over - 3 runs, 2 hits, 0 errors, 2 left on base; Omaha 0 - Charlotte 6
TOP OF THE 4TH
Omaha Storm Chasers batting - Pitching for Charlotte Knights : LHP Carlos Toledo
Batting: LHB Robby Diaz 0-0: Swinging Strike
0-1: Ground out 4-3 (Groundball, 4M, EV 80.6 MPH)
Batting: LHB Jim Pankratz 0-0: Called Strike
0-1: Ground out 4-3 (Groundball, 4, EV 81.2 MPH)
Batting: RHB Walt Cogswell 0-0: Called Strike
0-1: Ball
1-1: Ball
2-1: Foul Ball, location: 2F
2-2: Ground out 6-3 (Groundball, 6M, EV 86.9 MPH)
Top of the 4th over - 0 runs, 0 hits, 0 errors, 0 left on base; Omaha 0 - Charlotte 6
BOTTOM OF THE 4TH
Charlotte Knights batting - Pitching for Omaha Storm Chasers : RHP Andy Rodriguez
Batting: RHB Jeremy Hoffert 0-0: Ball
1-0: Ball
2-0: Ball
3-0: Base on Balls
Batting: RHB Nick Kleckner 0-0: Called Strike
Jeremy Hoffert steals 2nd base
0-1: Called Strike
0-2: Strikes out swinging
Batting: LHB Angel Tellez 0-0: Ball
1-0: Ball
2-0: Ball
3-0: Called Strike
3-1: Base on Balls
Batting: RHB Micah Brown 0-0: Fly out, F9 (Flyball, 9S, EV 93.8 MPH)
Batting: RHB Kikuo Sato 0-0: Called Strike
0-1: Swinging Strike
0-2: Hit by Pitch
Jeremy Hoffert to third
Angel Tellez to second
Pinch Runner at 1st Dustin Taylor:
Batting: RHB Steve Waltenbery 0-0: Foul Ball, location: 2F
0-1: Ball
1-1: Foul Ball, location: 2F
1-2: Ball
2-2: Ground out 1-3 (Groundball, 13S, EV 76.2 MPH)
Bottom of the 4th over - 0 runs, 0 hits, 0 errors, 3 left on base; Omaha 0 - Charlotte 6
TOP OF THE 5TH
Omaha Storm Chasers batting - Pitching for Charlotte Knights : LHP Carlos Toledo
Now in RF: Dustin Taylor
Batting: RHB Jerry Escamilla 0-0: Called Strike
0-1: Ball
1-1: Ball
2-1: Ground out 5-3 (Groundball, 56S, EV 66.2 MPH)
Batting: RHB Yuichi Takata 0-0: Ball
1-0: Ball
2-0: SINGLE (Line Drive, 9S, EV 110.6 MPH)
Batting: RHB Colin Boddy 0-0: Fly out, F5 (Popup, 5S, EV 79.4 MPH)
Batting: RHB Aaron Matthews 0-0: Ground out U3 (Groundball, 3S, EV 69.4 MPH)
Top of the 5th over - 0 runs, 1 hit, 0 errors, 1 left on base; Omaha 0 - Charlotte 6
BOTTOM OF THE 5TH
Charlotte Knights batting - Pitching for Omaha Storm Chasers : RHP Andy Rodriguez
Batting: RHB Guillermo Mojica 0-0: Ball
1-0: Foul Ball, location: 2F
1-1: DOUBLE (Line Drive, 7LD, EV 101.2 MPH)
Batting: RHB Jason Moss 0-0: Ball
1-0: Called Strike
1-1: Called Strike
1-2: Ball
2-2: Ball
3-2: Base on Balls
Pitching: RHP Brandon Ferrari
Batting: LHB Carlos Ramirez 0-0: Ball
1-0: Foul Ball, location: 2F
1-1: Swinging Strike
1-2: Ball
2-2: Fly out, F8 (Flyball, 78D, EV 96.2 MPH)
Batting: RHB Jeremy Hoffert 0-0: Ball
1-0: Ball
2-0: Called Strike
2-1: Called Strike
2-2: Foul Ball, location: 2F
2-2: SINGLE (Groundball, 56D, EV 108.1 MPH)
Guillermo Mojica to third
Jason Moss to second
Batting: RHB Nick Kleckner 0-0: Ball
Wild Pitch!
Guillermo Mojica scores
Jason Moss to third
Jeremy Hoffert to second
1-0: Ball
2-0: Ground out 5-3 (Groundball, 56, EV 98.1 MPH)
Jason Moss scores
Batting: LHB Angel Tellez 0-0: Ball
1-0: Ball
2-0: Ball
3-0: Base on Balls
Batting: RHB Micah Brown 0-0: SINGLE (Groundball, 6MD, EV 101.9 MPH)
Jeremy Hoffert to third
Angel Tellez to second
Runner from 3rd tries for Home, SAFE, throw by CF to home
Batting: LHB Dustin Taylor 0-0: Called Strike
0-1: Foul Ball, location: 2F
0-2: Ball
1-2: Ball
2-2: Ball
3-2: Base on Balls
Angel Tellez to third
Micah Brown to second
Batting: RHB Steve Waltenbery 0-0: Called Strike
0-1: Ball
1-1: Ground out 5-3 (Groundball, 56S, EV 60.6 MPH)
Bottom of the 5th over - 3 runs, 3 hits, 0 errors, 3 left on base; Omaha 0 - Charlotte 9
TOP OF THE 6TH
Omaha Storm Chasers batting - Pitching for Charlotte Knights : LHP Carlos Toledo
Batting: LHB Chris Eaker 0-0: Called Strike
0-1: Ball
1-1: Swinging Strike
1-2: Fly out, F3 (Popup, 3SF, EV 81.2 MPH)
Batting: SHB Ryoji Hiraoka 0-0: Called Strike
0-1: Fly out, F7 (Flyball, 78M, EV 81.9 MPH)
Batting: LHB Robby Diaz 0-0: Ball
1-0: Ground out 4-3 (Groundball, 4, EV 85.0 MPH)
Top of the 6th over - 0 runs, 0 hits, 0 errors, 0 left on base; Omaha 0 - Charlotte 9
BOTTOM OF THE 6TH
Charlotte Knights batting - Pitching for Omaha Storm Chasers : RHP Brandon Ferrari
Batting: RHB Guillermo Mojica 0-0: Ball
1-0: Ball
2-0: Ball
3-0: Called Strike
3-1: Called Strike
3-2: Base on Balls
Pitching: RHP Josh Rutledge
Batting: RHB Jason Moss 0-0: Ball
1-0: Ball
2-0: Ball
3-0: Called Strike
3-1: Grounds into double play, 5-4-3 (Groundball, 5L, EV 83.8 MPH)
Batting: LHB Carlos Ramirez 0-0: Called Strike
0-1: DOUBLE (Line Drive, 9LD, EV 111.9 MPH) - OUT at third base trying to stretch hit.
Bottom of the 6th over - 0 runs, 1 hit, 0 errors, 0 left on base; Omaha 0 - Charlotte 9
TOP OF THE 7TH
Omaha Storm Chasers batting - Pitching for Charlotte Knights : LHP Carlos Toledo
Pinch Hitting: SHB Arturo Baez 0-0: Ball
1-0: Called Strike
1-1: Fly out, F9 (Flyball, 9, EV 81.2 MPH)
Pinch Hitting: RHB Jerry Castillo 0-0: Foul Ball, location: 2F
0-1: Swinging Strike
0-2: Strikes out swinging
Pinch Hitting: LHB Joe Cozart 0-0: Ball
1-0: Fly out, F8 (Flyball, 8LD, EV 90.0 MPH)
Top of the 7th over - 0 runs, 0 hits, 0 errors, 0 left on base; Omaha 0 - Charlotte 9
BOTTOM OF THE 7TH
Charlotte Knights batting - Pitching for Omaha Storm Chasers : RHP Josh Rutledge
Now at 1B: Roy Riess
Now at 2B: Jerry Castillo
Now in LF: Ryoji Hiraoka
Now in CF: Bobby Gonzalez
Now in RF: Robby Diaz
Batting: RHB Jeremy Hoffert 0-0: Ball
1-0: Foul Ball, location: 2F
1-1: Foul Ball, location: 2F
1-2: Ground out 5-3 (Groundball, 56, EV 78.8 MPH)
Batting: RHB Nick Kleckner 0-0: SINGLE (Flyball, 78S, EV 85.0 MPH)
Batting: LHB Angel Tellez 0-0: Foul Ball, location: 2F
0-1: Grounds into double play, 6-4-3 (Groundball, 6, EV 100.6 MPH)
Bottom of the 7th over - 0 runs, 1 hit, 0 errors, 0 left on base; Omaha 0 - Charlotte 9
TOP OF THE 8TH
Omaha Storm Chasers batting - Pitching for Charlotte Knights : LHP Carlos Toledo
Pinch Hitting: RHB Nate De Jongh 0-0: Ball
1-0: Foul Ball, location: 2F
1-1: Foul Ball, location: 2F
1-2: Strikes out swinging
Batting: RHB Colin Boddy 0-0: Foul Ball, location: 2F
0-1: Foul Ball, location: 2F
0-2: Strikes out swinging
Pinch Hitting: SHB Francisco Gutierrez 0-0: Foul Ball, location: 2F
0-1: Called Strike
0-2: Strikes out looking
Top of the 8th over - 0 runs, 0 hits, 0 errors, 0 left on base; Omaha 0 - Charlotte 9
BOTTOM OF THE 8TH
Charlotte Knights batting - Pitching for Omaha Storm Chasers : RHP Josh Rutledge
Now at 3B: Nate De Jongh
Now at SS: Francisco Gutierrez
Batting: RHB Micah Brown 0-0: Ball
1-0: DOUBLE (Line Drive, 7LS, EV 93.1 MPH)
Pinch Hitting: RHB Danny Longoria 0-0: Ground out 6-3 (Groundball, 56, EV 98.8 MPH)
Batting: RHB Steve Waltenbery 0-0: Swinging Strike
0-1: Ground out 4-3 (Groundball, 6MS, EV 87.5 MPH)
Micah Brown to third
Batting: RHB Guillermo Mojica 0-0: Called Strike
0-1: Called Strike
0-2: Strikes out looking
Bottom of the 8th over - 0 runs, 1 hit, 0 errors, 1 left on base; Omaha 0 - Charlotte 9
TOP OF THE 9TH
Omaha Storm Chasers batting - Pitching for Charlotte Knights : LHP Carlos Toledo
Now in RF: Adam Lambert
Batting: RHB Oscar Fausto 0-0: Called Strike
0-1: Ball
1-1: Foul Ball, location: 2F
1-2: Ground out U3 (Groundball, 3, EV 88.1 MPH)
Pinch Hitting: RHB Josh Whaley 0-0: Ball
1-0: Ball
2-0: SINGLE (Groundball, 56D, EV 95.6 MPH)
Pinch Hitting: LHB Justin Wenzel 0-0: Foul Ball, location: 2F
0-1: Ball
1-1: Fly out, F7 (Flyball, 78M, EV 92.5 MPH)
Batting: LHB Roy Riess 0-0: SINGLE (Groundball, 4MD, EV 108.1 MPH)
Josh Whaley to second
Pinch Hitting: RHB Cesar Ortega 0-0: Ball
1-0: Ball
2-0: Ball
3-0: Base on Balls
Josh Whaley to third
Roy Riess to second
Pinch Hitting: RHB Taisei Fujii 0-0: Ball
1-0: SINGLE (Flyball, 7LS, EV 93.8 MPH)
Josh Whaley scores
Roy Riess to third
Cesar Ortega to second
Batting: RHB Nate De Jongh 0-0: Ball
1-0: Called Strike
1-1: Foul Ball, location: 2F
1-2: Ball
2-2: Foul Ball, location: 2F
2-2: Ground out 1-3 (Groundball, 13S, EV 72.5 MPH)
Top of the 9th over - 1 run, 3 hits, 0 errors, 3 left on base; Omaha 1 - Charlotte 9
Thursday, December 15th , 2022 - OOTP Baseball 23.9 Build 102